 Dungeon Crawl Stone Soup version 0.19-a0-1292-g796ee4d (webtiles) character file.

2118 twist the Cleaver (level 9, 0/74 HPs)
             Began as a Hill Orc Fighter on Aug 30, 2016.
             Succumbed to Xiguana's ghost's poison
             ... on level 7 of the Dungeon.
             The game lasted 00:13:57 (6707 turns).

twist the Cleaver (Hill Orc Fighter)                Turns: 6707, Time: 00:13:57

Health: 0/74       AC: 11    Str: 21      XL:     9   Next: 29%
Magic:  8/9        EV:  8    Int:  7 (8)  God:
Gold:   227        SH:  9    Dex: 10 (11) Spells: 0 memorised, 8 levels left

rFire  + . .     SeeInvis .     a - +0 war axe
rCold  + . .     Gourm    .     b - +1 scale mail
rNeg   . . .     Faith    .     c - +0 shield
rPois  .         Spirit   +     (no helmet)
rElec  .         Dismiss  .     d - +0 cloak
rCorr  .         Reflect  .     n - +0 pair of gloves
MR     .....     Harm     .     (no boots)
Stlth  ..........               k - amulet of guardian spirit
                                I - +2 ring of strength
                                w - ring of protection from fire

@: lethally poisoned (0 -> -40)
A: clumsy 1, cold resistance 1
a: no special abilities


You were on level 7 of the Dungeon.
You were full.

You visited 2 branches of the dungeon, and saw 8 of its levels.
You also visited: Ossuary.

You collected 227 gold pieces.

Inventory:

Hand Weapons
 a - a +0 war axe (weapon)
Missiles
 L - 8 needles of sleeping
 M - 26 poisoned needles
Armour
 b - a +1 scale mail (worn)
 c - a +0 shield (worn)
 d - a +0 cloak (worn)
 n - a +0 pair of gloves (worn)
Jewellery
 e - an uncursed ring of magical power
 k - an amulet of guardian spirit (around neck)
 p - a +3 ring of intelligence
 v - an uncursed ring of protection from fire
 w - a ring of protection from fire (left hand)
 I - a +2 ring of strength (right hand)
Wands
 E - a wand of flame (30/48)
 H - a wand of lightning (0/15)
Scrolls
 g - a scroll of teleportation
 h - a scroll of fog
 i - 2 scrolls of enchant armour
 l - 6 scrolls of remove curse
 m - 5 scrolls of recharging {unknown}
 q - a scroll of immolation
 x - a scroll of enchant weapon {unknown}
 y - a scroll of magic mapping {unknown}
 C - 2 scrolls of identify
 F - a scroll of fear {unknown}
 G - a scroll of amnesia {unknown}
 J - a scroll of vulnerability {unknown}
Potions
 j - a potion of flight
 z - a potion of cancellation
 B - a potion of degeneration
 D - a potion of magic
Books
 s - a book of Misfortune

   Spells                             Type                      Level
   a - Confusing Touch                Hexes                        1
   b - Confuse                        Hexes                        3
   c - Gell's Gravitas                Hexes/Translocation          3
   d - Petrify                        Transmutation/Earth          4
   e - Metabolic Englaciation         Hexes/Ice                    5
   f - Yara's Violent Unravelling     Hexes/Transmutation          5
 t - a book of the Tempests

   Spells                             Type                      Level
   a - Static Discharge               Conjuration/Air              3
   b - Lightning Bolt                 Conjuration/Air              5
   c - Fireball                       Conjuration/Fire             5
   d - Tornado                        Air                          9
   e - Shatter                        Earth                        9
Comestibles
 f - 2 bread rations
 o - 3 beef jerkies


   Skills:
 + Level 5.1 Fighting
 * Level 13.0 Axes
 + Level 5.6 Armour
 + Level 2.6 Dodging
 - Level 3.2 Shields


You had 8 spell levels left.
You didn't know any spells.

Dungeon Overview and Level Annotations

Branches:
Dungeon (7/15)             Temple (1/1) D:7

Altars:
Cheibriados
Dithmenos
Elyvilon
Fedhas
Gozag
Hepliaklqana
Kikubaaqudgha
Nemelex Xobeh
Okawaru
Qazlal
Ru
Sif Muna
Uskayaw
Vehumet
Xom
Yredelemnul
Zin
The Shining One

Shops:
D:4 =   D:5 =   D:7 }

Annotations:
D:2 Jessica, Sigmund, Terence
D:7 Xiguana's ghost, novice SpAM


Innate Abilities, Weirdness & Mutations

You are clumsy. (Dex -2)
Your flesh is cold resistant. (rC+)


Message History

You feel very sick. You block Xiguana's ghost's attack.
* * * LOW HITPOINT WARNING * * *
You feel very sick.
Xiguana's ghost hits you but does no damage.
You are more poisoned.
Your surroundings suddenly seem different.
* * * LOW HITPOINT WARNING * * *
You feel very sick.
An adder zombie comes into view.
* * * LOW HITPOINT WARNING * * *
You feel very sick.
You are no longer glowing.
* * * LOW HITPOINT WARNING * * *
You feel very sick.
The adder zombie bites you but does no damage.
Unknown command.
You slice the adder zombie!!
You destroy the adder zombie!
You die...

. .. #.#.# ## ... # .#..
.# ... .# #..##.#
#.#####.# #..##..
#.......# #...... #...#
#.W#.## #...# ###..#.##
#@..######.....>.#
#####..............†.#
.###...........#..#.....#
............>......(.....
#...........#..#.#.#.#
###.....####........#
##.#.<.......##.#.###
#.##>..##.##......###
##)#...#.# ####.####.


There were no monsters in sight!

Vanquished Creatures
  Joseph (D:7)
  A centaur skeleton (D:7)
  A wraith (Ossuary)
  An ice beast (D:5)
  A phantom (D:7)
  An ogre (D:4)
  Blork the orc (D:4)
  2 elf zombies (Ossuary)
  A water moccasin skeleton (D:4)
  A scorpion (D:4)
  4 killer bees (D:7)
  4 wights (D:6)
  A howler monkey (D:5)
  2 hounds
  A jelly (D:6)
  An orc wizard (D:3)
  3 worker ants
  3 mummies (Ossuary)
  A howler monkey zombie (D:7)
  11 adders
  A shadow imp (D:6)
  An ooze (D:4)
  2 adder zombies
  3 worms
  A dart slug (D:3)
  3 giant geckos
  11 orcs
  3 giant cockroaches
  12 goblins
  5 hobgoblins
  2 jackals (D:5)
  2 quokkas
  A ball python (D:4)
  5 bats
  6 giant newts
  A goblin zombie (Ossuary)
  A hobgoblin zombie (Ossuary)
  A jackal skeleton (D:4)
  3 kobolds
  4 kobold zombies (Ossuary)
  5 rats
115 creatures vanquished.

Vanquished Creatures (others)
  A kobold zombie (Ossuary)
1 creature vanquished.

Grand Total: 116 creatures vanquished

Notes
Turn   | Place    | Note
-------+----------+-------------------------------------------
     0 | D:1      | twist the Hill Orc Fighter began the quest for the Orb.
     0 | D:1      | Reached XP level 1. HP: 19/19 MP: 1/1
   203 | D:1      | Reached skill level 3 in Axes
   299 | D:1      | Reached XP level 2. HP: 26/26 MP: 2/2
   575 | D:1      | Reached skill level 4 in Axes
  1320 | D:1      | You fall through a shaft!
  1320 | D:2      | Noticed Terence
  1371 | D:2      | Noticed Sigmund
  1598 | D:2      | Reached XP level 3. HP: 31/31 MP: 3/3
  1608 | D:2      | Noticed Jessica
  2042 | D:3      | Reached skill level 5 in Axes
  2062 | D:3      | Reached XP level 4. HP: 30/39 MP: 4/4
  2341 | D:3      | Reached skill level 6 in Axes
  2474 | D:3      | Reached XP level 5. HP: 45/45 MP: 5/5
  2599 | D:3      | Reached skill level 7 in Axes
  2898 | D:4      | Reached skill level 8 in Axes
  2898 | D:4      | Reached XP level 6. HP: 47/51 MP: 6/6
  2988 | D:4      | Noticed Blork the orc
  3009 | D:4      | Killed Blork the orc
  3009 | D:4      | Reached skill level 9 in Axes
  3225 | D:4      | Found a shimmering altar of Xom.
  3451 | D:4      | Found Xamar's Jewellery Shoppe.
  3499 | D:4      | Found an iron altar of Okawaru.
  3546 | D:4      | Found a blossoming altar of Fedhas.
  3575 | D:4      | Reached XP level 7. HP: 33/57 MP: 7/7
  3828 | D:5      | Entered Level 5 of the Dungeon
  3831 | D:5      | Found a sand-covered staircase.
  3842 | Ossuary  | Entered an ossuary
  3842 | Ossuary  | Noticed a wraith
  3842 | Ossuary  | Noticed a wraith
  3842 | Ossuary  | Noticed a wraith
  3861 | Ossuary  | Reached skill level 10 in Axes
  4139 | Ossuary  | Noticed a wraith
  4146 | Ossuary  | Killed a wraith
  4146 | Ossuary  | Reached skill level 11 in Axes
  4382 | D:5      | Reached XP level 8. HP: 63/66 MP: 8/8
  4481 | D:5      | Found Nebefouz's Jewellery Shop.
  4850 | D:5      | Found a sacrificial altar of Ru.
  5113 | D:6      | Found a basalt altar of Yredelemnul.
  5199 | D:6      | Reached skill level 12 in Axes
  5210 | D:6      | Reached skill level 1 in Dodging
  5785 | D:7      | Gained mutation: Your flesh is cold resistant. (rC+) [potion of mutation]
  5785 | D:7      | Gained mutation: You are clumsy. (Dex -2) [potion of mutation]
  5790 | D:7      | Found a staircase to the Ecumenical Temple.
  5799 | Temple   | Entered the Ecumenical Temple
  6142 | D:7      | Found Cianod's Gadget Shop.
  6160 | D:7      | Noticed Joseph
  6189 | D:7      | Killed Joseph
  6189 | D:7      | Reached skill level 5 in Fighting
  6189 | D:7      | Reached skill level 5 in Armour
  6189 | D:7      | Reached XP level 9. HP: 5/74 MP: 1/9
  6523 | D:7      | Noticed Xiguana's ghost (novice SpAM)
  6659 | D:7      | Reached skill level 13 in Axes
  6707 | D:7      | Succumbed to Xiguana's ghost's poison

Vault maps used:
D:1:      dpeg_arrival_circle_labyrinth_c, hangedman_decor_growths
D:2:      first_bread, minivault_4, uniq_terence, uniq_sigmund, uniq_jessica
D:4:      kennysheep_mini, fedhas_altar_2, lemuel_crystal_altar, serial_shops,
          nicolae_shop_waterfront, uniq_blork_the_orc
D:5:      serial_shops, nicolae_shop_behind_doors, nicolae_ossuary_entry_ruins,
          nicolae_ru_path_of_blood, uniq_menkaure
D:6:      lemuel_round_altar, hangedman_decor_opposing
D:7:      serial_shops, nicolae_shop_stone, kennysheep_mini_moat,
          nicolae_shop_statue_plus, shop, uniq_joseph
Temple:   cyrus_circular_temple
Ossuary:  ossuary_kennysheep_city_of_the_dead

Skill      XL: |  1  2  3  4  5  6  7  8  9 |
---------------+----------------------------+-----
Axes           | 3 4 5 6 8 9 11 12 13 | 13.0
Fighting       | 5 |  5.1
Armour         | 5 |  5.6
Dodging        | 2 |  2.6
Shields        | |  3.2

Action                   |  1- 3 |  4- 6 |  7- 9 || total
-------------------------+-------+-------+-------++-------
Melee: War axe           |   103 |   145 |   247 ||   495
Evoke: Wand              |       |       |     5 ||     5
  Use: Potion            |     3 |     1 |     6 ||    10
       Scroll            |       |     7 |     2 ||     9
  Eat: Chunk             |     2 |     5 |     4 ||    11
       Royal jelly       |     1 |       |       ||     1
       Meat ration       |       |       |     2 ||     2
Armor: Scale mail        |    49 |    55 |   104 ||   208
Dodge: Dodged            |    46 |    34 |    57 ||   137
Block: Shield            |    54 |    72 |    96 ||   222
